 Dungeon Crawl Stone Soup version 0.17.0-28-g6e173f8 (webtiles) character file.

831 Ijustatesigmund the Covert (level 8, 0/48 HPs)
             Began as a Kobold Assassin on Nov 22, 2015.
             Was a Follower of Cheibriados.
             Slain by a sky beast (6 damage)
             ... on level 5 of the Dungeon.
             The game lasted 00:14:16 (4626 turns).

Ijustatesigmund the Covert (Kobold Assassin)        Turns: 4626, Time: 00:14:18

Health: 0/48       AC:  7    Str: 13    XL:     8   Next: 18%
Magic:  9/9        EV: 15    Int: 14    God:    Cheibriados [*.....]
Gold:   158        SH:  0    Dex: 20    Spells: 0 memorised, 7 levels left

rFire  . . .     SeeInvis .     k - +0 dagger (elec)
rCold  . . .     Clarity  .     x - +0 leather armour
rNeg   . . .     SustAt   .     (shield restricted)
rPois  .         Gourm    .     (no helmet)
rElec  .         Spirit   .     d - +0 cloak
rCorr  +         Warding  .     n - +1 pair of gloves
rMut   .         Stasis   .     y - +0 pair of boots
MR     .....                    w - amulet of resist corrosion
Stlth  +++++.....               (no ring)
                                (no ring)

@: very slow, not resistant to hostile enchantments, quite stealthy
A: carnivore 3
a: Bend Time, Renounce Religion


You were on level 5 of the Dungeon.
You worshipped Cheibriados.
Cheibriados was aware of your devotion.
You were very full.

You visited 2 branches of the dungeon, and saw 6 of its levels.

You collected 158 gold pieces.

Inventory:

Hand Weapons
 a - a +2 dagger
 b - a +0 blowgun
 k - a +0 dagger of electrocution (weapon)
Missiles
 e - 30 poisoned needles
 f - a curare-tipped needle
Armour
 c - a +0 robe
 d - a +0 cloak (worn)
 n - a +1 pair of gloves (worn)
 x - a +0 leather armour (worn)
 y - a +0 pair of boots (worn)
Jewellery
 w - an amulet of resist corrosion (around neck)
Scrolls
 q - 3 scrolls of remove curse
 r - a scroll of immolation
 s - a scroll of teleportation
 C - a scroll of magic mapping
Potions
 h - a potion of cancellation {unknown}
 i - a potion of haste {unknown}
 j - 2 potions of lignification {unknown}
 l - a potion of brilliance {unknown}
 m - a potion of resistance
 p - a potion of mutation {unknown}
 t - a potion of curing
 u - 3 potions of heal wounds {unknown}
 z - 2 potions of magic
 A - a potion of degeneration {unknown}
Books
 v - a book of Hinderance

   Spells                             Type                      Level
   a - Confusing Touch                Hexes                        2
   b - Confuse                        Hexes                        3
   c - Gell's Gravitas                Hexes/Translocation          3
   d - Petrify                        Transmutation/Earth          4
   e - Metabolic Englaciation         Hexes/Ice                    5
Comestibles
 g - 5 meat rations
 o - 2 beef jerkies
 B - a royal jelly


   Skills:
 + Level 4.0 Fighting
 - Level 5.0 Short Blades
 - Level 3.0 Throwing
 - Level 3.0 Armour
 - Level 2.5 Dodging
 - Level 9.0 Stealth
 + Level 2.1 Invocations


You had 7 spell levels left.
You didn't know any spells.

Dungeon Overview and Level Annotations

Branches:
Dungeon (5/15)             Temple (1/1) D:4

Altars:
Ashenzari
Cheibriados
Dithmenos
Elyvilon
Fedhas
Gozag
Kikubaaqudgha
Makhleb
Nemelex Xobeh
Okawaru
Qazlal
Ru
Sif Muna
Trog
Vehumet
Xom
Yredelemnul
Zin
The Shining One


Innate Abilities, Weirdness & Mutations

You are small and have problems with some larger weapons.
You are carnivorous and can eat meat at any time.


Message History

The sky beast is severely wounded.
You hit the sky beast but do no damage.
The sky beast is severely wounded.
The sky beast hits you but does no damage.
You hit the sky beast but do no damage.
The sky beast is severely wounded.
The sky beast hits you.
* * * LOW HITPOINT WARNING * * *
The sky beast shocks you.
* * * LOW HITPOINT WARNING * * *
You hit the sky beast.
The sky beast is almost dead.
You hit the sky beast but do no damage.
The sky beast is almost dead.
The sky beast flickers out of sight!
Deactivating autopickup; reactivate with Ctrl-A.
Something hits you.
* * * LOW HITPOINT WARNING * * *
Something shocks you.
You die...

)..)...................'.........
###...#.####.###....####.........
##.##.# #.# #...## ##.......#
####<# #.# ###.# ##.....## #.#
#.# #.# ##...## #.# #.# #.# #+##
#.# #.. ..# #.# #### #.#
######.##### #.# ...# #.#
#..@{.....# ##.## ...# #.#
#.###.###.####...## ##.####.#
#.##..............## ........#
#.#.....#.##.#...... ##.######
#.#....##.##.##.#### ##.#
#.........##.##.##.. ...#
####...#####.......# ##.# #...#
####.#### ...# #...# #.####


There were no monsters in sight!

Vanquished Creatures
  An orc warrior (D:5)
  An ogre (D:4)
  2 scorpions (D:5)
  2 crimson imps
  An orc priest (D:4)
  2 hounds
  5 worker ants (D:4)
  A centaur skeleton (D:5)
  An iguana (D:4)
  2 orc wizards
  A hound skeleton (D:4)
  7 adders
  2 oozes
  A worm (D:4)
  An adder skeleton (D:4)
  7 orcs
  4 giant cockroaches
  8 goblins
  12 hobgoblins
  5 jackals
  A quokka (D:2)
  2 ball pythons
  2 bats
  2 giant geckos
  A giant gecko zombie (D:5)
  4 giant newts
  3 kobolds
  6 rats
87 creatures vanquished.

Notes
Turn   | Place    | Note
--------------------------------------------------------------
     0 | D:1      | Ijustatesigmund the Kobold Assassin began the quest for the Orb.
     0 | D:1      | Reached XP level 1. HP: 12/12 MP: 1/1
   174 | D:1      | Reached XP level 2. HP: 15/17 MP: 2/2
   725 | D:1      | Reached XP level 3. HP: 14/21 MP: 3/3
  1394 | D:2      | Found a white marble altar of Elyvilon.
  1648 | D:2      | Reached XP level 4. HP: 26/26 MP: 4/4
  2457 | D:4      | Reached skill level 6 in Stealth
  2457 | D:4      | Reached XP level 5. HP: 30/30 MP: 5/5
  2512 | D:4      | Reached skill level 1 in Armour
  2562 | D:4      | Reached XP level 6. HP: 35/35 MP: 6/6
  2574 | D:4      | Found a staircase to the Ecumenical Temple.
  2596 | Temple   | Entered the Ecumenical Temple
  2656 | Temple   | Became a worshipper of Cheibriados the Contemplative
  2679 | D:4      | Reached skill level 5 in Short Blades
  2689 | D:4      | Noticed an ogre
  2732 | D:4      | Killed an ogre
  2732 | D:4      | Reached skill level 7 in Stealth
  2795 | D:4      | Found a stormy altar of Qazlal.
  2979 | D:4      | Reached XP level 7. HP: 40/40 MP: 7/7
  3208 | D:4      | Reached skill level 8 in Stealth
  3313 | D:5      | Entered Level 5 of the Dungeon
  3367 | D:5      | Reached * piety under Cheibriados
  3781 | D:5      | Reached skill level 9 in Stealth
  3825 | D:5      | Reached skill level 1 in Invocations
  3825 | D:5      | Reached XP level 8. HP: 28/46 MP: 8/8
  4512 | D:5      | Found an opulent altar of Gozag.
  4626 | D:5      | Slain by a sky beast

Action                   |  1- 3 |  4- 6 |  7- 9 || total
-------------------------+-------+-------+-------++-------
Melee: Dagger            |   105 |    71 |   179 ||   355
 Fire: Blowgun           |       |    17 |    11 ||    28
  Use: Scroll            |     4 |     4 |     3 ||    11
       Potion            |       |       |     1 ||     1
 Stab: Sleeping          |    12 |     5 |     2 ||    19
       Distracted        |     1 |       |       ||     1
  Eat: Chunk             |    10 |       |     7 ||    17
